 Dungeon Crawl Stone Soup version 0.28-a0-1087-gf3fc490d9d (webtiles) character file.

Game seed: 6778815688102510198

317 ytrimaz the Insei (level 6, -14/40 HPs)
             Began as an Octopode Transmuter on Dec 10, 2021.
             Killed from afar by Pikel (39 damage)
             ... with a bolt of acid
             ... on level 4 of the Dungeon.
             The game lasted 00:04:06 (3927 turns).

ytrimaz the Insei (Octopode Transmuter)             Turns: 3927, Time: 00:04:06

Health: -14/40     AC:  1    Str: 10    XL:     6   Next: 44%
Magic:  7/11       EV: 13    Int: 17    God:
Gold:   173        SH:  5    Dex: 12    Spells: 6/12 levels left

rFire   . . .      SeeInvis .     - Unarmed
rCold   . . .      Faith    .   (no shield)
rNeg    . . .      Spirit   .   (helmet restricted)
rPois   .          Reflect  +   g - amulet of reflection
rElec   .          Harm     .   i - ring of willpower
rCorr   .          Rampage  .   (no ring)
Will    +....                   (no ring)
Stlth   ++........              (no ring)
HPRegen 0.13/turn               (no ring)
MPRegen 0.12/turn               (no ring)
                                (no ring)
                                (no ring)

@: wereblooded
A: almost no armour, amphibious, 8 rings, camouflage 1, gelatinous body 1,
(nimble swimmer 1), tentacles
a: no special abilities


You were on level 4 of the Dungeon.
You visited 1 branch of the dungeon, and saw 4 of its levels.

You collected 173 gold pieces.

Inventory:

Missiles
 e - a throwing net
Jewellery
 d - an amulet of the acrobat
 g - an amulet of reflection (around mantle)
 i - a ring of willpower (left tentacle)
Wands
 f - a wand of digging (4)
Potions
 a - 3 potions of heal wounds {unknown}
 b - 2 potions of flight {unknown}
 c - 2 potions of mutation {unknown}
 h - a potion of curing {unknown}
 j - a potion of cancellation {unknown}


   Skills:
 * Level 2.3 Fighting
 - Level 2.0 Dodging
 + Level 1.1 Shields
 + Level 4.5 Unarmed Combat
 * Level 3.5 Spellcasting
 * Level 3.5 Transmutations


You had 6 spell levels left.
You knew the following spells:

 Your Spells              Type           Power      Damage    Failure   Level
a - Beastly Appendage     Tmut           30%        N/A       3%          1
b - Wereblood             Tmut           15%        N/A       6%          2
c - Spider Form           Tmut/Pois      9%         N/A       24%         3

Your spell library contained the following spells:

 Spells                   Type           Power      Damage    Failure   Level
 Apportation              Tloc           6%         N/A       17%         1
 Pain                     Necr           12%        1d4       17%         1
 Ice Form                 Ice/Tmut       9%         N/A       63%         4
 Alistair's Intoxication  Tmut/Pois      6%         N/A       92%         5
 Agony                    Necr           3%         N/A       99%         5
 Excruciating Wounds      Necr           1%         N/A       99%         5


Dungeon Overview and Level Annotations

Branches:
Dungeon (4/15)
 Temple: D:4-7

Altars:
The Shining One

Annotations:
D:3 3 runed translucent doors, enile's ghost, amateur OpWz
D:4 Pikel


Innate Abilities, Weirdness & Mutations

You cannot wear most types of armour.
You are amphibious.
You can wear up to eight rings at the same time.
Your skin changes colour to match your surroundings (Stealth+).
Your rubbery body absorbs attacks. (AC +1, EV +1)
((You are camouflaged near water. (Stealth+)))
You have tentacles for arms and can constrict up to eight enemies at once.


Message History

Confirm with . or Enter, or press ? or * to list all spells.
Your blood is infused with primal strength.
The lemure shouts!
You hear a shout! x3
Casting: Wereblood (safe; 6% risk of failure)
Confirm with . or Enter, or press ? or * to list all spells.
The spell is quite dangerous to miscast (24% risk of failure)!
Continue anyway?
You turn into a venomous arachnid creature.
Unknown command.
A lemure comes into view.
You hit the lemure but do no damage. The lemure hits you but does no damage.
You hit the lemure.
The lemure is poisoned.
The lemure is lightly wounded.
Your transformation is almost over.
A lemure and Pikel come into view.
Pikel is wielding a +2 whip of freezing and carrying a wand of acid (12).
Found 24 stones.
Pikel shouts!
You block the lemure's attack. The lemure closely misses you.
You block the lemure's attack.
Your magical contamination has completely faded away.
Unknown command.
The lemure shouts!
You barely miss the lemure. The lemure hits you!
You hit the lemure but do no damage. You block the lemure's attack.
You hit the lemure.
The lemure is lightly wounded.
The lemure misses you.
You hit the lemure but do no damage.
The lemure is poisoned.
The lemure is lightly wounded.
The lemure hits you!
You hit the lemure but do no damage.
The lemure is moderately wounded.
Your transformation has ended.
You tentacle-slap Pikel but do no damage.
Your grab misses Pikel. You barely miss Pikel. Your grab misses Pikel.
Your tentacle-slap misses Pikel.
A lemure comes into view.
Pikel zaps a wand.
The bolt of acid hits you!!!
Ouch! That really hurt!
You die...

########## # ### .....)...#
#.#.. ########.#
#.#.#####.# ###########.###
#...5K.K..#
.......[.†...>#####5######
.....#.#####...@K55......(
#######.###########.#######
...............# #.#
.######.######.# #.#
........# #.# .######.# #.#
........# #.#
#######.######. .#
...............


You could see Pikel and 3 lemures.

Vanquished Creatures
  An ogre (D:4)
  A necrophage (D:4)
  A hound (D:4)
  2 adders
  4 dart slugs
  6 orcs
  8 endoplasms
  3 giant cockroaches
  6 goblins
  4 hobgoblins
  9 jackals
  3 quokkas
  2 ball pythons (D:1)
  9 bats
  6 frilled lizards
  6 kobolds
  6 rats
77 creatures vanquished.

Notes
Turn   | Place    | Note
-------+----------+-------------------------------------------
     0 | D:1      | ytrimaz the Octopode Transmuter began the quest for the
                  | Orb.
     0 | D:1      | Reached XP level 1. HP: 13/13 MP: 3/3
   116 | D:1      | Reached XP level 2. HP: 14/18 MP: 3/5
   127 | D:1      | Learned a level 2 spell: Wereblood
   473 | D:1      | Reached XP level 3. HP: 16/23 MP: 6/6
   481 | D:1      | Learned a level 3 spell: Spider Form
  1140 | D:1      | Found a faded altar of an unknown god.
  1221 | D:2      | Found a glowing golden altar of the Shining One.
  1833 | D:2      | Reached XP level 4. HP: 29/29 MP: 7/7
  2460 | D:3      | Found a runed translucent gate.
  2460 | D:3      | Found a runed translucent gate.
  2461 | D:3      | Found a runed translucent gate.
  2462 | D:3      | Noticed enile's ghost (amateur OpWz)
  3113 | D:3      | Reached skill level 4 in Unarmed Combat
  3475 | D:4      | Reached XP level 5. HP: 20/34 MP: 9/9
  3616 | D:4      | Noticed an ogre
  3627 | D:4      | Killed an ogre
  3628 | D:4      | Reached skill level 1 in Shields
  3628 | D:4      | Reached XP level 6. HP: 22/39 MP: 5/10
  3821 | D:4      | Noticed a necrophage
  3830 | D:4      | Killed a necrophage
  3917 | D:4      | Noticed Pikel
  3927 | D:4      | Killed from afar by Pikel

Illustrated notes

Levels and vault maps discovered:
D:1:      tarquinn_simple_flora_water_d, layout_loops_ring,
          chequers_ecumenical_altar_twisty
D:2:      layout_basic, basic_altar
D:3:      layout_basic, gammafunk_ghost_necromancy
D:4:      corexii_shack_village, layout_basic, minmay_fire_ice_demons,
          uniq_pikel

Skill      XL: |  1  2  3  4  5 |
---------------+----------------+-----
Unarmed Combat | 4 |  4.5
Transmutations | 3 |  3.5
Fighting       | 2 |  2.3
Shields        | 1 |  1.1
Spellcasting   | 3 |  3.5
Dodging        | |  2.0

Action                   |  1- 3 |  4- 6 || total
-------------------------+-------+-------++-------
Melee: Unarmed           |   102 |    95 ||   197
       Constrict         |    24 |    19 ||    43
       Tentacles         |    10 |     9 ||    19
       Kick              |     8 |    15 ||    23
       Punch             |     1 |     1 ||     2
 Cast: Beastly Appendage |    11 |    13 ||    24
       Wereblood         |     1 |     5 ||     6
       Spider Form       |       |     2 ||     2
  Use: Scroll            |     3 |       ||     3
 Stab: Sleeping          |     5 |     3 ||     8
Armor: Skin              |    10 |     6 ||    16
Dodge: Dodged            |    73 |    39 ||   112
Block: Other             |       |    17 ||    17

Table legend: (Time is in decaauts)
 A = Elapsed time spent in this place.
 B = Non-inter-level travel time spent in this place.
 C = Inter-level travel time spent in this place.
 D = Time resting spent in this place.
 E = Time spent auto-exploring this place.
 F = Levels seen in this place.
 G = Mean time per level.
                   A        B        C        D        E       F      G
               +--------+--------+--------+--------+--------+-----+--------+
         Total |   3911 |   3867 |     44 |      0 |   3288 |   4 |  977.8 |
       Dungeon |   3911 |   3867 |     44 |      0 |   3288 |   4 |  977.8 |
               +--------+--------+--------+--------+--------+-----+--------+

Top non-repeatable levels by time:
     D:3: 1524 daAuts
     D:1: 1213 daAuts
     D:2: 635 daAuts
     D:4: 537 daAuts
